 Dungeon Crawl Stone Soup version 0.26-a0-1191-ge2a0e31ab3 (webtiles) character file.

Game seed: 16113134740274152637

263 vvl the Ruffian (level 5, -1/41 HPs)
             Began as a Draconian Transmuter on Dec 28, 2020.
             Killed from afar by an orc wizard (7 damage)
             ... with a puff of flame
             ... on level 3 of the Dungeon.
             The game lasted 00:07:26 (2721 turns).

vvl the Ruffian (Draconian Transmuter)              Turns: 2721, Time: 00:07:27

Health: -1/41      AC:  5    Str: 14    XL:     5   Next: 97%
Magic:  7/8        EV: 12    Int: 13    God:
Gold:   155        SH:  0    Dex: 11    Spells: 4/9 levels left

rFire    . . .     SeeInvis .     - Unarmed
rCold    . . .     Faith    .   (no shield)
rNeg     . . .     Spirit   .   (armour unavailable)
rPois    .         Reflect  .   (helmet currently unavailable)
rElec    .         Harm     .   (no cloak)
rCorr    .         Rampage  .   (no gloves)
Will     .....                  (boots currently unavailable)
Stlth    +.........             (no amulet)
HPRegen  0.13/turn              (no ring)
MPRegen  0.11/turn              (no ring)

@: appendages
A: unfitting armour, horns 2, talons 2, cold-blooded, AC +5
a: End Transformation


You were on level 3 of the Dungeon.
You had grown temporary horns.
You had grown temporary talons.
You visited 1 branch of the dungeon, and saw 3 of its levels.

You collected 155 gold pieces.

Inventory:

Hand Weapons
 j - a +2 dagger of draining
Missiles
 i - a throwing net
Jewellery
 a - an uncursed ring of willpower {unknown}
Scrolls
 b - 3 scrolls of remove curse {unknown}
 c - a scroll of enchant armour {unknown}
 d - a scroll of identify {unknown}
 e - a scroll of fog {unknown}
 f - a scroll of blinking {unknown}
 h - a scroll of noise {unknown}
 k - a scroll of teleportation {unknown}
 m - a scroll of enchant weapon {unknown}
 o - a scroll of fear {unknown}
Potions
 g - a potion of invisibility {unknown}
 l - a potion of heal wounds
 n - a potion of flight {unknown}


   Skills:
 + Level 2.2 Fighting
 + Level 2.6 Dodging
 * Level 4.3 Unarmed Combat
 + Level 2.6 Spellcasting
 * Level 3.5 Transmutations
 + Level 2.0 Invocations


You had 4 spell levels left.
You knew the following spells:

 Your Spells              Type           Power        Failure   Level
a - Beastly Appendage     Tmut           20%          5%          1
b - Ice Form              Ice/Tmut       6%           75%         4

Your spell library contained the following spells:

 Spells                   Type           Power        Failure   Level
 Wereblood                Tmut           10%          9%          2
 Spider Form              Tmut/Pois      3%           34%         3
 Blade Hands              Tmut           5%           83%         5


Dungeon Overview and Level Annotations

Branches:
Dungeon (3/15)

Altars:
Fedhas


Innate Abilities, Weirdness & Mutations

Your plain brown scales are hard. (AC +5)
You cannot fit into any form of body armour.
You are cold-blooded and may be slowed by cold attacks.
You have a pair of horns on your head.
You have razor-sharp toenails.


Message History

You are too confused!
You are too confused!
You feel less confused. Something hits you.
* * * LOW HITPOINT WARNING * * *
Casting: Beastly Appendage (safe; 5% risk of failure)
Confirm with . or Enter, or press ? or * to list all spells.
You grow a pair of large bovine horns.
Your feet morph into talons.
Something hits you.
* * * LOW HITPOINT WARNING * * *
You barely miss something. Something hits you.
* * * LOW HITPOINT WARNING * * *
You miss something. You claw something. You punch something.
Something hits you but does no damage.
You barely miss something. Something barely misses you.
You completely miss something.
You hear some strange, mumbled words.
A puff of flame appears from out of thin air!
The puff of flame hits you!
You die...

### #. #.. #.#. #.# ...
#.# #
######.######.######.#
.............@.......###
............{....)......
.................)......
.....................###
..........##...##....#
.........####.## #...#
........## #+# #..#
........## .)#
.........## #. .#


There were no monsters in sight!

Vanquished Creatures
  A bullfrog (D:2)
  Terence (D:3)
  4 gnolls (D:2)
  3 adders
  An ooze (D:1)
  4 worms
  3 dart slugs (D:2)
  4 leopard geckos
  4 orcs (D:3)
  5 giant cockroaches
  7 goblins
  9 hobgoblins
  3 jackals
  A quokka (D:2)
  2 ball pythons
  9 bats
  2 frilled lizards
  6 kobolds
  9 rats
78 creatures vanquished.

Notes
Turn   | Place    | Note
-------+----------+-------------------------------------------
     0 | D:1      | vvl the Draconian Transmuter began the quest for the Orb.
     0 | D:1      | Reached XP level 1. HP: 16/16 MP: 3/3
   401 | D:1      | Reached XP level 2. HP: 18/23 MP: 5/5
   910 | D:2      | Reached XP level 3. HP: 28/28 MP: 6/6
   934 | D:2      | Noticed a bullfrog
   935 | D:2      | Found a blossoming altar of Fedhas.
   955 | D:2      | Found a transporter.
  1043 | D:2      | Found a transporter.
  1061 | D:2      | Killed a bullfrog
  1062 | D:2      | Reached skill level 1 in Invocations
  1062 | D:2      | Reached XP level 4. HP: 21/36 MP: 5/7
  1289 | D:2      | Learned a level 4 spell: Ice Form
  1582 | D:2      | Reached XP level 5. HP: 30/41 MP: 8/8
  1777 | D:2      | Reached skill level 4 in Unarmed Combat
  2432 | D:3      | Noticed Terence
  2443 | D:3      | Killed Terence
  2721 | D:3      | Killed from afar by an orc wizard

Illustrated notes

Levels and vault maps discovered:
D:1:      dpeg_arrival_pond, layout_rooms, minmay_curled_crystal,
          minmay_surrounded
D:2:      layout_loops_cross, gammafunk_temple_overflow_arena
D:3:      layout_basic, nemelex_lonely_heart_becter, uniq_terence

Skill      XL: |  1  2  3  4  5 |
---------------+----------------+-----
Dodging        | 2 |  2.6
Transmutations | 3 |  3.5
Invocations    | 1 2 |  2.0
Fighting       | 2 |  2.2
Unarmed Combat | 4 |  4.3
Spellcasting   | |  2.6

Action                   |  1- 3 |  4- 6 || total
-------------------------+-------+-------++-------
Melee: Unarmed           |   108 |   203 ||   311
       Tailslap          |     8 |    18 ||    26
       Kick              |     7 |    17 ||    24
       Headbutt          |     5 |    10 ||    15
       Punch             |       |     7 ||     7
 Cast: Beastly Appendage |     3 |     8 ||    11
  Use: Potion            |     1 |       ||     1
 Stab: Sleeping          |       |     1 ||     1
Armor: Skin              |    39 |    79 ||   118
Dodge: Dodged            |    87 |   155 ||   242

Table legend: (Time is in decaauts)
 A = Elapsed time spent in this place.
 B = Non-inter-level travel time spent in this place.
 C = Inter-level travel time spent in this place.
 D = Time resting spent in this place.
 E = Time spent auto-exploring this place.
 F = Levels seen in this place.
 G = Mean time per level.
                   A        B        C        D        E       F      G
               +--------+--------+--------+--------+--------+-----+--------+
         Total |   2698 |   2554 |    144 |      0 |   2024 |   3 |  899.3 |
       Dungeon |   2698 |   2554 |    144 |      0 |   2024 |   3 |  899.3 |
               +--------+--------+--------+--------+--------+-----+--------+

Top non-repeatable levels by time:
     D:2: 1548 daAuts
     D:1: 867 daAuts
     D:3: 282 daAuts
